 Dungeon Crawl Stone Soup version 0.29.1-12-g30fa7ad0bf (webtiles) character file.

Game seed: 16616571399409120933

2761 xzight the Grappler (level 9, -10/89 HPs)
             Began as a Troll Fighter on Dec 27, 2022.
             Mangled by a white ugly thing (21 damage)
             ... on level 7 of the Dungeon.
             The game lasted 00:13:21 (5123 turns).

xzight the Grappler (Troll Fighter)                 Turns: 5123, Time: 00:13:21

Health: -10/89     AC:  6    Str: 36    XL:     9   Next: 42%
Magic:  8/8        EV: 12    Int:  4    God:
Gold:   432        SH:  7    Dex:  9    Spells: 8/8 levels left

rFire   . . .      SeeInvis +     - Unarmed
rCold   . . .      Faith    .   b - +0 kite shield
rNeg    . . .      Spirit   .   w - +0 troll leather armour {Pargi}
rPois   .          Reflect  .   K - +0 mask of the Dragon {Will+ Slay+3 SInv}
rElec   .          Harm     .   (no cloak)
rCorr   .          Rampage  .   (gloves unavailable)
Will    +....                   (boots unavailable)
Stlth   +.........              I - amulet of regeneration
HPRegen 2.64/turn               S - +6 ring of strength
MPRegen 0.11/turn               E - +4 ring of evasion

@: mighty
A: large, unfitting armour, claws 3, regeneration 1, shaggy fur 1, tough skin 1
a: no special abilities


You were on level 7 of the Dungeon.
You visited 2 branches of the dungeon, and saw 8 of its levels.

You collected 432 gold pieces.


Innate Abilities, Weirdness & Mutations

You are too large for most types of armour.
You have claws for hands.
Your natural rate of healing is unusually fast.
You are covered in fur. (AC +1)
You have tough skin. (AC +1)


   Skills:
 - Level 6.0 Fighting
 + Level 6.7 Throwing
 - Level 2.4 Dodging
 - Level 4.0 Shields
 - Level 8.0 Unarmed Combat


You had 8 spell levels left.
You didn't know any spells.
Your spell library contained the following spells:

 Spells                   Type           Power      Damage    Failure   Level
 Sandblast                Erth           0%         2d4       82%         1
 Passwall                 Tmut/Erth      0%         N/A       91%         2
 Static Discharge         Conj/Air       0%         3-3/arc   91%         2
 Gell's Gravitas          Tloc           0%         N/A       99%         3
 Lesser Beckoning         Tloc           0%         N/A       99%         3
 Stone Arrow              Conj/Erth      0%         3d7       99%         3
 Teleport Other           Tloc           0%         N/A       99%         3
 Lightning Bolt           Conj/Air       0%         1d11      100%        5
 Maxwell's Capacitive Co  Air            0%         ∞         100%        8

Inventory:

Missiles
 d - 4 boomerangs (quivered)
 g - 2 large rocks {=f}
Armour
 b - a +0 kite shield (worn)
 k - a +2 hat
 w - a +0 troll leather armour (worn) {Pargi}
 K - the +0 mask of the Dragon (worn) {Will+ Slay+3 SInv}
   (You found it on level 7 of the Dungeon)

   Slay:      It affects your accuracy & damage with ranged weapons and melee
   (+3).
   SInv:      It lets you see invisible.
   Will:      It increases your willpower.
Jewellery
 c - a ring of ice
 s - a +6 ring of strength
 u - an amulet of reflection
 C - a ring of ice
 E - a +4 ring of evasion (right claw)
 I - an amulet of regeneration (around neck)
 R - a ring of resist corrosion
 S - a +6 ring of strength (left claw)
Wands
 B - a wand of charming (3)
 G - a wand of polymorph (8)
Scrolls
 a - a scroll of torment {unknown}
 e - 4 scrolls of enchant armour
 f - a scroll of noise {unknown}
 i - a scroll of vulnerability {unknown}
 p - a scroll of summoning {unknown}
 q - a scroll of blinking {unknown}
 r - 2 scrolls of fear {unknown}
 t - 2 scrolls of immolation {unknown}
 y - a scroll of brand weapon {unknown}
 z - 3 scrolls of enchant weapon {unknown}
 A - 3 scrolls of teleportation {@r2}
 F - 2 scrolls of poison {unknown}
Potions
 h - 3 potions of haste {@q3}
 j - 2 potions of ambrosia {unknown}
 l - a potion of flight {unknown}
 m - 2 potions of magic
 n - 3 potions of lignification {unknown}
 o - 2 potions of brilliance
 v - a potion of attraction {unknown}
 x - 2 potions of degeneration
 D - a potion of mutation {unknown}
 H - 2 potions of curing {@q1}
 J - a potion of might

Dungeon Overview and Level Annotations

Branches:
Dungeon (7/15)             Temple (1/1) D:4

Altars:
Ashenzari
Cheibriados
Dithmenos
Elyvilon
Fedhas
Hepliaklqana
Kikubaaqudgha
Makhleb
Nemelex Xobeh
Ru
Trog
Vehumet
Wu Jian
Xom
Yredelemnul
Zin
The Shining One

Annotations:
D:4 5 runed translucent doors, Pokonic1's ghost, amateur DsAK
D:7 2 transporters, 4 runed translucent doors

..##.....#######.# ... #.
#.............# ....
#..##....##........ ..▒▒▒
#.........#.########..▒▒{.
#.......#.#.#.........▒{▒{
#######.#.#.#.#...Y...▒{{▒
#.#.....#.#.#.#.####..▒{▒{
#..#.####.#.#.#†# ..▒▒{. #..#.#
#.#.#.#@# ..▒▒▒
##..#.####.#.#.#u# .....
#...#.##...#.#.#.# ####
##..#.##.#.#.#.#D#
##############
#.....#........#.#
#.....#.......
###..#..▒▒▒▒▒▒...#
#.....#....... #....▒▒8[(8▒▒..#
#.............
#.##.▒8....8▒..###.....#......>
#.##.+.....e+..........#.......


You could see a white ugly thing and a steam dragon.


Message History

You barely miss the sky beast.
The sky beast is moderately wounded.
The sky beast barely misses you.
You mangle the sky beast!!
The sky beast is almost dead.
You block the sky beast's attack.
The white ugly thing gurgles horribly!
You scratch the sky beast.
You kill the sky beast!
You hear an angry hiss.
You swing at nothing.
You feel very mighty all of a sudden.
The white ugly thing stings you but does no damage.
You completely miss the white ugly thing.
You scratch the white ugly thing.
The white ugly thing is lightly wounded.
The white ugly thing stings you. The white ugly thing freezes you!!
The white ugly thing barely misses you.
You mangle the white ugly thing!!
The white ugly thing is heavily wounded.
The white ugly thing stings you!
* * * LOW HITPOINT WARNING * * *
The white ugly thing freezes you!!
* * * LOW HITPOINT WARNING * * *
You closely miss the white ugly thing.
The white ugly thing is heavily wounded.
The white ugly thing stings you.
* * * LOW HITPOINT WARNING * * *
The white ugly thing freezes you!!
You die...

Skill      XL: |  1  2  3  4  5  6  7  8  9 |
---------------+----------------------------+-----
Unarmed Combat | 3 4 5 6 7 8 |  8.0
Throwing       | 1 2 4 5 6 |  6.7
Shields        | 3 4 |  4.0
Fighting       | 3 4 5 6 |  6.0
Dodging        | |  2.4

Action                   |  1- 3 |  4- 6 |  7- 9 || total
-------------------------+-------+-------+-------++-------
Melee: Unarmed           |    58 |    48 |   206 ||   312
Throw: Boomerang         |    27 |    48 |    51 ||   126
  Use: Potion            |       |       |     2 ||     2
       Scroll            |       |       |     8 ||     8
Armor: Robe              |    22 |     6 |       ||    28
       Troll leather arm |       |    12 |    44 ||    56
Dodge: Dodged            |    16 |    11 |    63 ||    90
Block: Kite shield       |     8 |    30 |    74 ||   112
       Reflection        |       |     2 |     1 ||     3

Levels and vault maps discovered:
D:1:      lightli_arrival_isolated_outpost, layout_loops_ring
D:2:      layout_loops_corners, minmay_snake_closets
D:3:      layout_rooms, uniq_pargi
D:4:      layout_basic, jmf_multi_god_temple2, temple_doors_e,
          gammafunk_ghost_necromancy
D:5:      layout_loops_corners
D:6:      layout_basic, cheibrodos_worm_habitat, trog_antimagical,
          tgw_kikubaaqudgha, kennysheep_generic_room_9
D:7:      gammafunk_the_bubble [the_bubble_gammafunk_plus_minus], layout_basic,
          ashenzari_conservatory_becter, nicolae_uskayaw_en_pointe,
          minmay_hollow_rounded_squares
Temple:   cyrus_circular_temple

Notes
Turn   | Place    | Note
-------+----------+-------------------------------------------
     0 | D:1      | xzight the Troll Fighter began the quest for the Orb.
     0 | D:1      | Reached XP level 1. HP: 22/22 MP: 0/0
   128 | D:1      | Reached XP level 2. HP: 27/29 MP: 1/1
   236 | D:1      | Reached skill level 3 in Unarmed Combat
   995 | D:2      | Reached XP level 3. HP: 36/36 MP: 2/2
  1087 | D:2      | Reached skill level 4 in Unarmed Combat
  1377 | D:2      | Identified the +3 dagger "Ufeunir" {freeze, *Corrode rPois
                  | Int+5 Dex+4}
  1434 | D:2      | Reached XP level 4. HP: 39/44 MP: 3/3
  1508 | D:3      | Noticed Pargi
  1837 | D:3      | Killed Pargi
  1838 | D:3      | Reached skill level 1 in Throwing
  1838 | D:3      | Reached skill level 3 in Shields
  1838 | D:3      | Reached XP level 5. HP: 49/52 MP: 4/4
  2081 | D:4      | Noticed a black bear
  2086 | D:4      | Killed a black bear
  2087 | D:4      | Reached skill level 3 in Fighting
  2087 | D:4      | Reached XP level 6. HP: 61/61 MP: 5/5
  2094 | D:4      | Reached skill level 2 in Throwing
  2096 | D:4      | Found a runed translucent gate.
  2096 | D:4      | Found a runed translucent gate.
  2096 | D:4      | Found a runed translucent gate.
  2117 | D:4      | Found a large runed translucent door.
  2118 | D:4      | Found a large runed translucent door.
  2150 | D:4      | Identified the +5 chain mail of Razooxt {Rampage rF+ Int+4
                  | Dex-5}
  2194 | D:4      | Identified the +1 leather armour of Minor Irritation
                  | {Regen+ Int+3 Dex-5}
  2374 | D:4      | Noticed Pokonic1's ghost (amateur DsAK)
  2408 | D:4      | Found a staircase to the Ecumenical Temple.
  2619 | Temple   | Entered the Ecumenical Temple
  2824 | D:5      | Entered Level 5 of the Dungeon
  2936 | D:5      | Reached skill level 5 in Unarmed Combat
  3013 | D:5      | Reached skill level 4 in Shields
  3013 | D:5      | Reached XP level 7. HP: 67/67 MP: 6/6
  3255 | D:5      | Reached skill level 3 in Throwing
  3508 | D:5      | Reached skill level 4 in Fighting
  3755 | D:6      | Reached skill level 4 in Throwing
  3755 | D:6      | Reached skill level 6 in Unarmed Combat
  3761 | D:6      | Reached XP level 8. HP: 78/78 MP: 7/7
  3784 | D:6      | Found a bloodstained altar of Trog.
  3883 | D:6      | Found an ancient bone altar of Kikubaaqudgha.
  4111 | D:6      | Reached skill level 5 in Throwing
  4378 | D:6      | Found a snail-covered altar of Cheibriados.
  4427 | D:6      | Reached skill level 5 in Fighting
  4427 | D:6      | Reached skill level 7 in Unarmed Combat
  4466 | D:7      | Noticed a troll
  4474 | D:6      | Killed a troll
  4526 | D:7      | Found a transporter.
  4540 | D:7      | Found a broken altar of Ashenzari.
  4617 | D:7      | Reached XP level 9. HP: 88/88 MP: 8/8
  4733 | D:7      | Identified a +2 robe of the Archmagi
  4813 | D:7      | Found a large runed translucent door.
  4814 | D:7      | Found a large runed translucent door.
  4818 | D:7      | Noticed a deep elf pyromancer
  4827 | D:7      | Found a large runed translucent door.
  4827 | D:7      | Found a large runed translucent door.
  4854 | D:7      | Reached skill level 6 in Throwing
  4859 | D:7      | Noticed a white ugly thing
  4897 | D:7      | Identified the +12 flail "Qual" {spect, Fragile rPois rF++
                  | Str+2}
  4897 | D:7      | Noticed a deep elf pyromancer
  4902 | D:7      | Found a transporter.
  4917 | D:7      | Noticed a troll
  5032 | D:7      | Reached skill level 6 in Fighting
  5032 | D:7      | Reached skill level 8 in Unarmed Combat
  5041 | D:7      | Found the +0 mask of the Dragon {Will+ Slay+3 SInv}
  5093 | D:7      | Noticed a +0 short sword
  5093 | D:7      | Noticed a +0 falchion
  5095 | D:7      | Noticed a +0 dagger
  5096 | D:7      | Noticed a +0 dagger
  5096 | D:7      | Noticed a +0 spear
  5096 | D:7      | Noticed a +0 spear
  5097 | D:7      | Noticed a +0 falchion
  5097 | D:7      | Noticed a +0 short sword
  5123 | D:7      | Mangled by a white ugly thing

Vanquished Creatures
  A troll (D:6)
  A yak (D:7)
  Pargi (D:3)
  A sky beast (D:7)
  2 ice beasts
  3 black bears
  4 ogres
  A centaur (D:7)
  A phantom (D:6)
  2 kobold brigands (D:6)
  4 scorpions
  A necrophage (D:7)
  3 wights (D:7)
  A howler monkey (D:5)
  3 hounds
  An orc priest (D:6)
  A jelly (D:7)
  A gnoll bouda (D:7)
  4 orc wizards
  4 iguanas
  10 adders
  4 gnolls (D:5)
  2 shadow imps (D:6)
  3 worms
  21 orcs
  9 ball pythons
  4 endoplasms
  4 giant cockroaches
  9 goblins
  7 hobgoblins
  3 kobolds (D:4)
  5 bats
  A frilled lizard (D:1)
  8 rats
130 creatures vanquished.

Vanquished Creatures (others)
  A human (D:6)
  A kobold (D:3)
2 creatures vanquished.

Grand Total: 132 creatures vanquished

Table legend: (Time is in decaauts)
 A = Elapsed time spent in this place.
 B = Non-inter-level travel time spent in this place.
 C = Inter-level travel time spent in this place.
 D = Time resting spent in this place.
 E = Time spent auto-exploring this place.
 F = Levels seen in this place.
 G = Mean time per level.
                   A        B        C        D        E       F      G
               +--------+--------+--------+--------+--------+-----+--------+
         Total |   5191 |   4890 |    301 |    139 |   3664 |   8 |  648.9 |
       Dungeon |   5132 |   4840 |    292 |    139 |   3622 |   7 |  733.1 |
        Temple |     59 |     50 |      9 |      0 |     42 |   1 |   59.0 |
               +--------+--------+--------+--------+--------+-----+--------+

Top non-repeatable levels by time:
     D:5: 940 daAuts
     D:2: 931 daAuts
     D:4: 748 daAuts
     D:6: 748 daAuts
     D:1: 638 daAuts
     D:7: 634 daAuts
     D:3: 490 daAuts
  Temple: 59 daAuts

Table legend:
 A = Non-vault XP
 B = Vault XP
 C = Vault XP percentage of total XP
 D = Non-vault monster count
 E = Vault monster count
 F = Vault count percentage of total count
                 A         B        C        D         E       F
            +---------+---------+-------+---------+---------+-------
      Total |    2779 |    1166 |  29.6 |     109 |      21 |  16.2
            +---------+---------+-------+---------+---------+-------
        D:1 |      26 |       0 |   0.0 |      15 |       0 |   0.0
        D:2 |      16 |      72 |  81.8 |       7 |       9 |  56.2
        D:3 |      22 |     138 |  86.2 |      13 |       1 |   7.1
        D:4 |     254 |       0 |   0.0 |      18 |       0 |   0.0
        D:5 |     498 |       0 |   0.0 |      12 |       0 |   0.0
        D:6 |    1132 |     456 |  28.7 |      23 |       5 |  17.9
        D:7 |     831 |     500 |  37.6 |      21 |       6 |  22.2
            +---------+---------+-------+---------+---------+-------
